 Dungeon Crawl Stone Soup version 0.28-a0-932-g843f935a50 (webtiles) character file.

Game seed: 857378328843893617

169 Htamos the Conjurer (level 5, -14/39 HPs)
             Began as a Human Conjurer on Nov 27, 2021.
             Killed from afar by Ijyb (23 damage)
             ... with a bolt of acid
             ... on level 3 of the Dungeon.
             The game lasted 00:08:35 (4102 turns).

Htamos the Conjurer (Human Conjurer)                Turns: 4102, Time: 00:08:35

Health: -14/39     AC:  4    Str:  8    XL:     5   Next: 79%
Magic:  4/9        EV: 12    Int: 18    God:
Gold:   109        SH:  0    Dex: 12    Spells: 8/9 levels left

rFire   . . .      SeeInvis .   k - +3 dagger
rCold   . . .      Faith    .   (no shield)
rNeg    . . .      Spirit   .   g - +0 leather armour
rPois   .          Reflect  .   (no helmet)
rElec   .          Harm     .   c - +0 cloak
rCorr   .          Rampage  .   (no gloves)
Will    .....                   (no boots)
Stlth   ++........              (no amulet)
HPRegen 0.13/turn               (no ring)
MPRegen 0.11/turn               (no ring)

@: weak-willed
A: no striking features
a: no special abilities


You were on level 3 of the Dungeon.
You visited 1 branch of the dungeon, and saw 3 of its levels.

You collected 109 gold pieces.

Inventory:

Hand Weapons
 b - a +0 hunting sling
 d - a +0 short sword
 k - a +3 dagger (weapon)
 o - a +1 dagger of venom
Missiles
 e - 125 stones
 j - 14 poisoned darts
Armour
 a - a +0 robe
 c - a +0 cloak (worn)
 g - a +0 leather armour (worn)
 m - a +0 chain mail
 n - a +0 ring mail
Magical Staves
 i - a staff of cold
Jewellery
 p - an amulet of reflection
Scrolls
 l - a scroll of identify {unknown}


   Skills:
 * Level 2.7 Fighting
 + Level 2.8 Dodging
 - Level 2.0 Stealth
 + Level 2.6 Spellcasting
 * Level 5.0 Conjurations


You had 8 spell levels left.
You knew the following spells:

 Your Spells              Type           Power      Damage    Failure   Level
a - Magic Dart            Conj           80%        1d7       3%          1

Your spell library contained the following spells:

 Spells                   Type           Power      Damage    Failure   Level
 Searing Ray              Conj           40%        2d5       4%          2
 Pain                     Necr           8%         1d4       26%         1
 Dazzling Flash           Conj/Hex       22%        N/A       26%         3
 Sublimation of Blood     Necr           2%         N/A       36%         2
 Summon Guardian Golem    Hex/Summ       2%         N/A       58%         3
 Fulminant Prism          Conj/Hex       5%         3d7       65%         4
 Iskenderun's Mystic Bla  Conj/Tloc      11%        2d4       65%         4
 Petrify                  Tmut/Erth      2%         N/A       94%         4
 Irradiate                Conj/Tmut      5%         3d15      94%         5
 Agony                    Necr           2%         N/A       100%        5
 Excruciating Wounds      Necr           1%         N/A       100%        5
 Orb of Destruction       Conj           10%        9d5       100%        7
 Spellforged Servitor     Conj/Summ      5%         N/A       100%        7


Dungeon Overview and Level Annotations

Branches:
Dungeon (3/15)

Altars:

Annotations:
D:2 exclusion: 2 adders
D:3 Ijyb


Message History

The magic dart hits Ijyb but does no damage.
Casting: Magic Dart (safe; 3% risk of failure)
Confirm with . or Enter, or press ? or * to list all spells.
Aiming: Magic Dart (safe; 3% risk of failure)
Press: ? - help, Shift-Dir - straight line, f/p - Ijyb
Aim: Ijyb, wielding a +7 club, wearing a +0 scale mail and carrying a wand of acid (12) (100% to hit)
The magic dart hits Ijyb but does no damage.
Casting: Magic Dart (safe; 3% risk of failure)
Confirm with . or Enter, or press ? or * to list all spells.
Aiming: Magic Dart (safe; 3% risk of failure)
Press: ? - help, Shift-Dir - straight line, f/p - Ijyb
Aim: Ijyb, wielding a +7 club, wearing a +0 scale mail and carrying a wand of acid (12) (100% to hit)
The magic dart hits Ijyb but does no damage.
Casting: Magic Dart (safe; 3% risk of failure)
Confirm with . or Enter, or press ? or * to list all spells.
Aiming: Magic Dart (safe; 3% risk of failure)
Press: ? - help, Shift-Dir - straight line, f/p - Ijyb
Aim: Ijyb, wielding a +7 club, wearing a +0 scale mail and carrying a wand of acid (12) (100% to hit)
The magic dart hits Ijyb.
Ijyb is lightly wounded.
Casting: Magic Dart (safe; 3% risk of failure)
Confirm with . or Enter, or press ? or * to list all spells.
Aiming: Magic Dart (safe; 3% risk of failure)
Press: ? - help, Shift-Dir - straight line, f/p - Ijyb
Aim: Ijyb, wielding a +7 club, wearing a +0 scale mail and carrying a wand of acid (12) (lightly wounded, 100% to hit)
The magic dart hits Ijyb but does no damage.
Ijyb is lightly wounded.
You aren't carrying any potions.
You aren't carrying any potions.
As you read the scroll labelled QISHIPS YKIASE, it crumbles to dust.
You hear a loud clanging noise!
It was a scroll of noise.
Ijyb zaps a wand.
The bolt of acid hits you!!
Ouch! That really hurt!
* * * LOW HITPOINT WARNING * * *
Unknown command.
As you read the scroll labelled FOHUGAISEA, it crumbles to dust.
Magic quickly surges around you.
It was a scroll of vulnerability.
Ijyb zaps a wand.
The bolt of acid hits you!!
Ouch! That really hurt!
You die...

....###### *,,...!....#......##.
###......# #..........#......'..
....÷....# #..........#......###
####÷....# #..........#......###
#.....## #...<...####......+..
#......###.......* #......###
#>.....'......#######.......>.
#......######g.....##.........
#......# ####@......#........#
######....# #..........#<........
....##.#### #.....#....##....##.#
.......# #.....'....#.))......
....#### #.....#....#......###
....# ######.....#...........###
....####...##.....#...#########..
....'..#...##.....#..)# ####..
....##.#...##.....#...######..'..


You could see Ijyb (weak-willed).

Vanquished Creatures
  Terence (D:3)
  3 adders (D:3)
  3 gnolls (D:3)
  A worm (D:2)
  A dart slug (D:2)
  4 orcs (D:2)
  9 ball pythons
  3 bats
  2 endoplasms (D:1)
  3 giant cockroaches
  4 goblins
  3 hobgoblins (D:1)
  3 quokkas
  4 frilled lizards
  5 kobolds
  5 rats
54 creatures vanquished.

Vanquished Creatures (collateral kills)
  An orc wizard (D:2)
  A hobgoblin (D:2)
  A rat (D:2)
3 creatures vanquished.

Vanquished Creatures (others)
  3 plants (D:2)
3 creatures vanquished.

Grand Total: 60 creatures vanquished

Notes
Turn   | Place    | Note
-------+----------+-------------------------------------------
     0 | D:1      | Htamos the Human Conjurer began the quest for the Orb.
     0 | D:1      | Reached XP level 1. HP: 13/13 MP: 3/3
   148 | D:1      | Reached XP level 2. HP: 20/20 MP: 0/5
   275 | D:1      | Reached skill level 1 in Fighting
   847 | D:1      | Reached XP level 3. HP: 26/26 MP: 3/6
  1403 | D:2      | Reached XP level 4. HP: 18/33 MP: 4/7
  2546 | D:3      | Reached XP level 5. HP: 38/38 MP: 3/8
  2836 | D:3      | Noticed Ijyb
  2880 | D:3      | Noticed Terence
  3264 | D:3      | Found a faded altar of an unknown god.
  3490 | D:3      | Killed Terence
  3632 | D:3      | Reached skill level 5 in Conjurations
  4102 | D:3      | Killed from afar by Ijyb

Illustrated notes

Levels and vault maps discovered:
D:1:      dpeg_arrival_long_road, layout_rooms, minmay_three_crescents
D:2:      layout_loops_ring, serial_forest, infiniplex_forest_lined_room_2,
          infiniplex_forest_split, infiniplex_forest_lined_ring,
          infiniplex_forest_clump_tiny, infiniplex_forest_end_3,
          minmay_shallow_snake_nest
D:3:      layout_basic, basic_ecumenical_altar, uniq_terence, uniq_ijyb

Skill      XL: |  1  2  3  4  5 |
---------------+----------------+-----
Fighting       | 1 2 |  2.7
Conjurations   | 5 |  5.0
Dodging        | |  2.8
Stealth        | |  2.0
Spellcasting   | |  2.6

Action                   |  1- 3 |  4- 6 || total
-------------------------+-------+-------++-------
Melee: Unarmed           |     7 |       ||     7
       Short sword       |     9 |       ||     9
       Dagger            |       |    35 ||    35
 Cast: Magic Dart        |    63 |    67 ||   130
  Use: Scroll            |     1 |     6 ||     7
       Potion            |       |     2 ||     2
Armor: Robe              |     6 |     3 ||     9
Dodge: Dodged            |    21 |    33 ||    54

Table legend: (Time is in decaauts)
 A = Elapsed time spent in this place.
 B = Non-inter-level travel time spent in this place.
 C = Inter-level travel time spent in this place.
 D = Time resting spent in this place.
 E = Time spent auto-exploring this place.
 F = Levels seen in this place.
 G = Mean time per level.
                   A        B        C        D        E       F      G
               +--------+--------+--------+--------+--------+-----+--------+
         Total |   4103 |   4026 |     77 |    579 |   2782 |   3 | 1367.7 |
       Dungeon |   4103 |   4026 |     77 |    579 |   2782 |   3 | 1367.7 |
               +--------+--------+--------+--------+--------+-----+--------+

Top non-repeatable levels by time:
     D:3: 1510 daAuts
     D:2: 1467 daAuts
     D:1: 1125 daAuts
